PCL
WALLA WALLA ALL-STARS @ ALBUQUERQUE ISOTOPES
07/30/2023
 
TOP OF THE 1ST
Walla Walla All-Stars batting - Pitching for Albuquerque Isotopes : RHP Juan Marín
Pitching: RHP Juan Marín
Batting: LHB Mike Young 0-0: Called Strike
0-1: Foul Ball, location: 2F
0-2: Ball
1-2: Ball
2-2: Foul Ball, location: 2F
2-2: SINGLE (Line Drive, 34D)
Batting: RHB Pablo Lucero 0-0: Swinging Strike
0-1: Called Strike
0-2: Ball
1-2: Ball
2-2: Foul Ball, location: 2F
2-2: Ball
3-2: Reached on Error, E6 (Line Drive, 6)
Mike Young to second
Batting: RHB Lorenzo Morín 0-0: Grounds into double play, U6-3 (Groundball, 6M)
Mike Young to third
Batting: SHB Clinton Watson 0-0: Foul Ball, location: 2F
0-1: Ball
1-1: Foul Ball, location: 2F
1-2: Ball
2-2: Ball
3-2: Foul Ball, location: 2F
3-2: Foul Ball, location: 2F
3-2: Base on Balls
Batting: RHB Daniel Guerrero 0-0: Foul Ball, location: 2F
0-1: Foul Ball, location: 2F
0-2: Fly out, F9 (Flyball, 9M)
Top of the 1st over - 0 run(s), 1 hit(s), 1 error(s), 2 left on base; Walla Walla 0 - Albuquerque 0
BOTTOM OF THE 1ST
Albuquerque Isotopes batting - Pitching for Walla Walla All-Stars : RHP António Benítez
Pitching: RHP António Benítez
Batting: RHB José Bautista 0-0: Ball
1-0: Ground out 5-3 (Groundball, 56)
Batting: RHB Chris Terry 0-0: Called Strike
0-1: Ball
1-1: Ball
2-1: Ball
3-1: Ground out 4-3 (Groundball, 4)
Batting: LHB Juan Carlos Sánchez 0-0: Ground out U3 (Groundball, 3L)
Bottom of the 1st over - 0 run(s), 0 hit(s), 0 error(s), 0 left on base; Walla Walla 0 - Albuquerque 0
TOP OF THE 2ND
Walla Walla All-Stars batting - Pitching for Albuquerque Isotopes : RHP Juan Marín
Batting: RHB Santiago Vallés 0-0: Foul Ball, location: 2F
0-1: Foul Ball, location: 2F
0-2: Fly out, F7 (Flyball, 7LM)
Batting: RHB Luke McIndoe 0-0: Called Strike
0-1: Foul Ball, location: 2F
0-2: Ball
1-2: Ball
2-2: Ball
3-2: Strikes out swinging
Batting: RHB Pablo Castillo 0-0: Called Strike
0-1: Ground out 5-3 (Groundball, 56)
Top of the 2nd over - 0 run(s), 0 hit(s), 0 error(s), 0 left on base; Walla Walla 0 - Albuquerque 0
BOTTOM OF THE 2ND
Albuquerque Isotopes batting - Pitching for Walla Walla All-Stars : RHP António Benítez
Batting: RHB Edward Young 0-0: Swinging Strike
0-1: Ball
1-1: Foul Ball, location: 2F
1-2: Strikes out swinging
Batting: RHB Juan Alberto 0-0: Ball
1-0: Foul Ball, location: 2F
1-1: Called Strike
1-2: Ball
2-2: Foul Ball, location: 2F
2-2: Strikes out swinging
Batting: LHB Manny Mejía 0-0: Foul Ball, location: 2F
0-1: Swinging Strike
0-2: Ground out 6-3 (Groundball, 6)
Bottom of the 2nd over - 0 run(s), 0 hit(s), 0 error(s), 0 left on base; Walla Walla 0 - Albuquerque 0
TOP OF THE 3RD
Walla Walla All-Stars batting - Pitching for Albuquerque Isotopes : RHP Juan Marín
Batting: LHB Bob Martin 0-0: Foul Ball, location: 2F
0-1: Swinging Strike
0-2: Ball
1-2: Strikes out swinging
Batting: LHB Mike Young 0-0: Called Strike
0-1: Swinging Strike
0-2: Foul Ball, location: 2F
0-2: Strikes out swinging
Batting: RHB Pablo Lucero 0-0: Called Strike
0-1: Ball
1-1: Ball
2-1: Ball
3-1: Swinging Strike
3-2: Strikes out swinging
Top of the 3rd over - 0 run(s), 0 hit(s), 0 error(s), 0 left on base; Walla Walla 0 - Albuquerque 0
BOTTOM OF THE 3RD
Albuquerque Isotopes batting - Pitching for Walla Walla All-Stars : RHP António Benítez
Batting: LHB Pedro Vega 0-0: Ball
1-0: Ground out 4-3 (Groundball, 4)
Batting: RHB Roberto Pérez 0-0: Ground out 4-3 (Groundball, 4M)
Batting: RHB Luis Martínez 0-0: Foul Ball, location: 2F
0-1: Called Strike
0-2: Foul Ball, location: 2F
0-2: Strikes out swinging
Bottom of the 3rd over - 0 run(s), 0 hit(s), 0 error(s), 0 left on base; Walla Walla 0 - Albuquerque 0
TOP OF THE 4TH
Walla Walla All-Stars batting - Pitching for Albuquerque Isotopes : RHP Juan Marín
Batting: RHB Lorenzo Morín 0-0: Ball
1-0: SINGLE (Flyball, 8RS)
Batting: SHB Clinton Watson 0-0: Ball
1-0: Called Strike
1-1: Foul Ball, location: 2F
1-2: Strikes out swinging
Batting: RHB Daniel Guerrero 0-0: Swinging Strike
0-1: Ball
1-1: Foul Ball, location: 2F
1-2: Strikes out looking
Batting: RHB Santiago Vallés 0-0: Ball
1-0: 2-RUN HOME RUN (Flyball, 8LXD), Distance : 409 ft
Batting: RHB Luke McIndoe 0-0: Ball
1-0: Ball
2-0: Called Strike
2-1: SINGLE (Line Drive, 6M)
Batting: RHB Pablo Castillo 0-0: Foul Ball, location: 2F
0-1: Ball
1-1: Ball
2-1: Called Strike
2-2: Foul Ball, location: 2F
2-2: Ball
3-2: Ground out 6-3 (Groundball, 6)
Top of the 4th over - 2 run(s), 3 hit(s), 0 error(s), 1 left on base; Walla Walla 2 - Albuquerque 0
BOTTOM OF THE 4TH
Albuquerque Isotopes batting - Pitching for Walla Walla All-Stars : RHP António Benítez
Batting: RHB José Bautista 0-0: Ball
1-0: Foul Ball, location: 2F
1-1: Ball
2-1: Called Strike
2-2: Ball
3-2: Ground out 6-3 (Groundball, 6)
Batting: RHB Chris Terry 0-0: Ball
1-0: Ball
2-0: Foul Ball, location: 2F
2-1: Ball
3-1: Base on Balls
Batting: LHB Juan Carlos Sánchez 0-0: Called Strike
0-1: Fly out, F6 (Popup, 6MD)
Batting: RHB Edward Young 0-0: Ball
1-0: Ball
2-0: DOUBLE (Flyball, 7LS)
Chris Terry to third
Runner from 3rd tries for Home, SAFE, no throw or cutoff
Batting: RHB Juan Alberto 0-0: Called Strike
0-1: Ball
1-1: Ground out 6-3 (Groundball, 6M)
Bottom of the 4th over - 1 run(s), 1 hit(s), 0 error(s), 1 left on base; Walla Walla 2 - Albuquerque 1
TOP OF THE 5TH
Walla Walla All-Stars batting - Pitching for Albuquerque Isotopes : RHP Juan Marín
Batting: LHB Bob Martin 0-0: Ball
1-0: Called Strike
1-1: Ball
2-1: Foul Ball, location: 2F
2-2: Foul Ball, location: 2F
2-2: Foul Ball, location: 2F
2-2: Foul Ball, location: 2F
2-2: Ground out U3 (Groundball, 3S)
Batting: LHB Mike Young 0-0: Ball
1-0: Called Strike
1-1: Ball
2-1: Called Strike
2-2: Fly out, F8 (Line Drive, 78M)
Batting: RHB Pablo Lucero 0-0: Called Strike
0-1: Foul Ball, location: 2F
0-2: Ball
1-2: Strikes out swinging
Top of the 5th over - 0 run(s), 0 hit(s), 0 error(s), 0 left on base; Walla Walla 2 - Albuquerque 1
BOTTOM OF THE 5TH
Albuquerque Isotopes batting - Pitching for Walla Walla All-Stars : RHP António Benítez
Batting: LHB Manny Mejía 0-0: Foul Ball, location: 2F
0-1: Ball
1-1: Ball
2-1: Ground out U3 (Groundball, 3S)
Batting: LHB Pedro Vega 0-0: Ball
1-0: Ball
2-0: Fly out, F9 (Line Drive, 9M)
Batting: RHB Roberto Pérez 0-0: Ground out 6-3 (Groundball, 6)
Bottom of the 5th over - 0 run(s), 0 hit(s), 0 error(s), 0 left on base; Walla Walla 2 - Albuquerque 1
TOP OF THE 6TH
Walla Walla All-Stars batting - Pitching for Albuquerque Isotopes : RHP Juan Marín
Pitching: LHP Cris Quezada
Batting: RHB Lorenzo Morín 0-0: Ball
1-0: Ball
2-0: Called Strike
2-1: SINGLE (Line Drive, 7LS)
Batting: SHB Clinton Watson 0-0: DOUBLE (Line Drive, 7LS)
Lorenzo Morín to third
Batting: RHB Daniel Guerrero 0-0: Ball
1-0: Called Strike
1-1: Ground out 4-3 (Groundball, 4)
Lorenzo Morín scores
Clinton Watson to third
Batting: RHB Santiago Vallés 0-0: DOUBLE (Line Drive, 9LS)
Clinton Watson scores
Batting: RHB Luke McIndoe 0-0: Intentional Walk
Batting: RHB Pablo Castillo 0-0: Ball
1-0: Called Strike
1-1: Ball
2-1: SINGLE (Line Drive, 56D)
Santiago Vallés to third
Luke McIndoe to second
Runner from 3rd tries for Home, SAFE, no throw or cutoff
Pitching: RHP Pepe Hernández
Batting: LHB Bob Martin 0-0: Ball
1-0: Swinging Strike
1-1: Swinging Strike
1-2: Strikes out swinging
Batting: LHB Mike Young 0-0: SINGLE (Flyball, 56D)
Luke McIndoe to third
Pablo Castillo to second
Runner from 3rd tries for Home, SAFE, no throw or cutoff
Batting: RHB Pablo Lucero 0-0: Swinging Strike
0-1: Called Strike
0-2: Ball
1-2: Ball
2-2: Foul Ball, location: 2F
2-2: TRIPLE (Line Drive, 7LM)
Pablo Castillo scores
Mike Young scores
Batting: RHB Lorenzo Morín 0-0: Ball
1-0: SINGLE (Line Drive, 4MD)
Pablo Lucero scores
Batting: SHB Clinton Watson 0-0: Called Strike
0-1: Ball
1-1: Ball
2-1: Ball
3-1: Base on Balls
Lorenzo Morín to second
Batting: RHB Daniel Guerrero 0-0: Ground out 4-3 (Groundball, 4)
Top of the 6th over - 7 run(s), 7 hit(s), 0 error(s), 2 left on base; Walla Walla 9 - Albuquerque 1
BOTTOM OF THE 6TH
Albuquerque Isotopes batting - Pitching for Walla Walla All-Stars : RHP António Benítez
Batting: RHB Luis Martínez 0-0: Ball
1-0: Foul Ball, location: 2F
1-1: SOLO HOME RUN (Flyball, 7D), Distance : 371 ft
Batting: RHB José Bautista 0-0: Ball
1-0: Swinging Strike
1-1: Swinging Strike
1-2: Ball
2-2: Foul Ball, location: 2F
2-2: DOUBLE (Line Drive, 7LM)
Batting: RHB Chris Terry 0-0: Called Strike
0-1: Called Strike
0-2: Ball
1-2: SINGLE (Groundball, 56D) (infield hit)
José Bautista to third
Batting: LHB Juan Carlos Sánchez 0-0: Foul Ball, location: 2F
0-1: Ball
Chris Terry steals 2nd base
1-1: Ball
2-1: Foul Ball, location: 2F
2-2: Ball
3-2: Fly out, F9 (Flyball, 89D)
Runner from 3rd tags up, SCORES, no throw
Batting: RHB Edward Young 0-0: Ball
Chris Terry steals 3rd base
1-0: Fly out, F9 (Line Drive, 9M)
Runner from 3rd tags up, SCORES, no throw
Batting: RHB Juan Alberto 0-0: Ball
1-0: SINGLE (Groundball, 6M)
Batting: LHB Manny Mejía 0-0: SINGLE (Groundball, 34S)
Juan Alberto to second
Runner from 2nd tries for 3rd, SAFE, throw made to third
Batting: LHB Pedro Vega 0-0: 3-RUN HOME RUN (Flyball, 78D), Distance : 384 ft
Batting: RHB Roberto Pérez 0-0: Called Strike
0-1: SOLO HOME RUN (Flyball, 7LD), Distance : 374 ft
Batting: RHB Luis Martínez 0-0: Ground out 5-3 (Groundball, 56S)
Bottom of the 6th over - 7 run(s), 7 hit(s), 0 error(s), 0 left on base; Walla Walla 9 - Albuquerque 8
TOP OF THE 7TH
Walla Walla All-Stars batting - Pitching for Albuquerque Isotopes : RHP Pepe Hernández
Batting: RHB Santiago Vallés 0-0: Called Strike
0-1: Ball
1-1: Called Strike
1-2: Ball
2-2: Foul Ball, location: 2F
2-2: Foul Ball, location: 2F
2-2: Fly out, F2 (Popup, 25F)
Batting: RHB Luke McIndoe 0-0: Ball
1-0: Swinging Strike
1-1: Called Strike
1-2: Strikes out swinging
Batting: RHB Pablo Castillo 0-0: Ball
1-0: Ball
2-0: Ball
3-0: Base on Balls
Pinch Hitting: LHB Ricardo Romero 0-0: Called Strike
0-1: Ball
1-1: Swinging Strike
1-2: Ball
2-2: Ball
3-2: Base on Balls
Pablo Castillo to second
Batting: LHB Mike Young 0-0: Called Strike
0-1: Ball
1-1: Ball
2-1: Foul Ball, location: 2F
2-2: Ball
3-2: Base on Balls
Pablo Castillo to third
Ricardo Romero to second
Batting: RHB Pablo Lucero 0-0: Ball
1-0: Ball
2-0: Fly out, F9 (Line Drive, 9M)
Top of the 7th over - 0 run(s), 0 hit(s), 0 error(s), 3 left on base; Walla Walla 9 - Albuquerque 8
BOTTOM OF THE 7TH
Albuquerque Isotopes batting - Pitching for Walla Walla All-Stars : RHP António Benítez
Pitching: LHP Edgardo Guzmán
Now at 3B: Ricardo Romero
Batting: RHB José Bautista 0-0: Called Strike
0-1: Called Strike
0-2: Foul Ball, location: 2F
0-2: Strikes out swinging
Batting: RHB Chris Terry 0-0: Ball
1-0: Ground out 6-3 (Groundball, 56)
Batting: LHB Juan Carlos Sánchez 0-0: Ball
1-0: Called Strike
1-1: SOLO HOME RUN (Flyball, 78XD), Distance : 412 ft
Batting: RHB Edward Young 0-0: Called Strike
0-1: Swinging Strike
0-2: Foul Ball, location: 2F
0-2: Foul Ball, location: 2F
0-2: Ball
1-2: Strikes out swinging
Bottom of the 7th over - 1 run(s), 1 hit(s), 0 error(s), 0 left on base; Walla Walla 9 - Albuquerque 9
TOP OF THE 8TH
Walla Walla All-Stars batting - Pitching for Albuquerque Isotopes : RHP Pepe Hernández
Batting: RHB Lorenzo Morín 0-0: Ball
1-0: Called Strike
1-1: Ball
2-1: Foul Ball, location: 2F
2-2: Ball
3-2: Base on Balls
Pitching: RHP Arthur Smith
Batting: SHB Clinton Watson 0-0: Called Strike
0-1: Called Strike
0-2: Ball
1-2: Ball
2-2: SINGLE (Groundball, 34S)
Lorenzo Morín to second
Runner from 2nd tries for 3rd, SAFE, no throw or cutoff
Pinch Hitting: SHB Vicente Martínez 0-0: Foul Ball, location: 2F
0-1: Swinging Strike
0-2: SINGLE (Groundball, 4M)
Lorenzo Morín scores
Clinton Watson to second
Batting: RHB Santiago Vallés 0-0: Sac Bunt - play at first, batter OUT! 1-4
Clinton Watson to third
Vicente Martínez to second
Batting: RHB Luke McIndoe 0-0: Called Strike
0-1: Swinging Strike
0-2: Ball
1-2: Strikes out swinging
Pinch Hitting: SHB Sean Carr 0-0: Called Strike
Balk!
Clinton Watson scores
Vicente Martínez to third
0-1: Foul Ball, location: 2F
0-2: Strikes out swinging
Top of the 8th over - 2 run(s), 2 hit(s), 0 error(s), 1 left on base; Walla Walla 11 - Albuquerque 9
BOTTOM OF THE 8TH
Albuquerque Isotopes batting - Pitching for Walla Walla All-Stars : LHP Edgardo Guzmán
Now at 2B: Vicente Martínez
Batting: RHB Juan Alberto 0-0: Called Strike
Now at 2B: Sean Carr 0-1: Swinging Strike
0-2: Ball
1-2: Strikes out swinging
Batting: LHB Manny Mejía 0-0: Ball
1-0: SOLO HOME RUN (Line Drive, 89XD), Distance : 409 ft
Batting: LHB Pedro Vega 0-0: Ball
1-0: Foul Ball, location: 2F
1-1: Called Strike
1-2: Ball
2-2: Ground out 4-3 (Groundball, 4)
Batting: RHB Roberto Pérez 0-0: Ball
1-0: Called Strike
1-1: Ball
2-1: Swinging Strike
2-2: Strikes out swinging
Bottom of the 8th over - 1 run(s), 1 hit(s), 0 error(s), 0 left on base; Walla Walla 11 - Albuquerque 10
TOP OF THE 9TH
Walla Walla All-Stars batting - Pitching for Albuquerque Isotopes : RHP Arthur Smith
Batting: LHB Ricardo Romero 0-0: Foul Ball, location: 2F
0-1: Swinging Strike
0-2: Foul Ball, location: 2F
0-2: Ball
1-2: Strikes out looking
Batting: LHB Mike Young 0-0: Foul Ball, location: 2F
0-1: Called Strike
0-2: Foul Ball, location: 2F
0-2: Foul Ball, location: 2F
0-2: Foul Ball, location: 2F
0-2: Ball
1-2: Ball
2-2: Strikes out swinging
Batting: RHB Pablo Lucero 0-0: Ball
1-0: Called Strike
1-1: Ball
2-1: Ball
3-1: Fly out, F7 (Flyball, 7M)
Top of the 9th over - 0 run(s), 0 hit(s), 0 error(s), 0 left on base; Walla Walla 11 - Albuquerque 10
BOTTOM OF THE 9TH
Albuquerque Isotopes batting - Pitching for Walla Walla All-Stars : LHP Edgardo Guzmán
Pitching: LHP Pepe Caro
Now at 1B: Jeff Thompson
Pinch Hitting: RHB Sze Qi 0-0: Ball
1-0: Ball
2-0: Ball
3-0: Called Strike
3-1: Swinging Strike
3-2: Base on Balls
Pinch Runner at 1st A.J. Major:
Batting: RHB José Bautista 0-0: Bunted foul
0-1: Bunted foul
0-2: Ball
1-2: Fielders Choice at 2nd, 3-6 (Groundball, 3)
Batting: RHB Chris Terry 0-0: Ball
1-0: Called Strike
1-1: Fly out, F9 (Flyball, 89S)
Batting: LHB Juan Carlos Sánchez 0-0: Ball
1-0: Foul Ball, location: 2F
1-1: Fly out, F4 (Line Drive, 4)
Bottom of the 9th over - 0 run(s), 0 hit(s), 0 error(s), 1 left on base; Walla Walla 11 - Albuquerque 10
This league is powered by Out of the Park Baseball, the baseball management simulation game for PC, Mac and Linux
Wednesday, December 2nd, 2015 - OOTP Baseball 16.8 Build 38